 Dungeon Crawl Stone Soup version 0.28.0-45-g0d030f2227 (webtiles) character file.

Game seed: 3931109772672173708

668273 pkoi the Warrior (level 26, -11/229 HPs)
             Began as a Demigod Conjurer on Apr 11, 2022.
             Killed from afar by a quicksilver dragon (28 damage)
             ... with a bolt of dispelling energy
             ... on level 4 of the Realm of Zot on Apr 12, 2022.
             The game lasted 05:25:46 (144437 turns).

pkoi the Warrior (Demigod Conjurer)               Turns: 144437, Time: 05:25:47

Health: -11/229    AC: 20    Str: 18    XL:     26   Next: 37%
Magic:  9/68       EV: 18    Int: 63    God:
Gold:   5846       SH:  0    Dex: 13    Spells: 3/59 levels left

rFire   + + .      SeeInvis .   a - staff of conjuration
rCold   + + +      Faith    .   (no shield)
rNeg    + + +      Spirit   .   Q - quicksilver dragon scales of the Enchanted Forest {Contam rPois rN+ Will+ Str+6}
rPois   +          Reflect  .   W - -2 hat of the Alchemist {rElec rPois rF+ rC+ rN+ Will+ rMut rCorr}
rElec   +          Harm     .   J - +4 dragonskin cloak
rCorr   +          Rampage  .   r - +1 pair of gloves of the Orb Guardian {Dex+4}
rMut    +                       S - +0 pair of boots "Seyskom" {rF+ rC+ MP+9 Int+4}
Will    ++++.                   I - amulet of Ylapizich {Regen+ Int+3}
Stlth   +++.......              q - ring "Rego" {rF+ rN+ Dex+2}
HPRegen 1.28/turn               g - ring "Cunocw" {Ice MP+9 Int+8 Dex-5 Slay+3}
MPRegen 0.41/turn

@: studying 2 skills
A: high MP 1, forlorn, divine attributes
}: 4/15 runes: serpentine, barnacled, slimy, silver
a: no special abilities


You were on level 4 of the Realm of Zot.
You visited 11 branches of the dungeon, and saw 55 of its levels.
You also visited: Bailey, Ice Cave and Wizlab.

You collected 10907 gold pieces.
You spent 5061 gold pieces at shops.

Inventory:

Missiles
 V - 7 throwing nets
 X - 12 curare-tipped darts
Armour
 r - the +1 pair of gloves of the Orb Guardian (worn) {Dex+4}
   (You found it on level 3 of the Dungeon)

   Dex:       It affects your dexterity (+4).
 u - a scarf of resistance
 J - the +4 dragonskin cloak (worn)
   (You took it off Tiamat on level 4 of the Realm of Zot)

   It grants the wearer a chance to resist fire, cold, poison, electricity,
   acid, and negative energy.
 Q - the quicksilver dragon scales of the Enchanted Forest (worn) {Contam rPois rN+ Will+ Str+6}
   (You bought it in a shop on level 12 of the Dungeon)

   Str:       It affects your strength (+6).
   rPois:     It protects you from poison.
   rN:        It protects you from negative energy.
   Contam:    It causes magical contamination when unequipped.
   Will:      It increases your willpower.
 S - the +0 pair of boots "Seyskom" (worn) {rF+ rC+ MP+9 Int+4}
   (You found it on level 6 of the Lair of Beasts)

   Int:       It affects your intelligence (+4).
   rF:        It protects you from fire.
   rC:        It protects you from cold.
   MP:        It affects your magic capacity (+9).
 W - the -2 hat of the Alchemist (worn) {rElec rPois rF+ rC+ rN+ Will+ rMut rCorr}
   (You found it on level 3 of the Elven Halls)

   rF:        It protects you from fire.
   rC:        It protects you from cold.
   rElec:     It insulates you from electricity.
   rPois:     It protects you from poison.
   rN:        It protects you from negative energy.
   rCorr:     It protects you from acid and corrosion.
   rMut:      It protects you from mutation.
   Will:      It increases your willpower.
Magical Staves
 a - a staff of conjuration (weapon)
Jewellery
 e - a ring of see invisible
 g - the ring "Cunocw" (right hand) {Ice MP+9 Int+8 Dex-5 Slay+3}
   (You acquired it on level 3 of the Lair of Beasts)

   [ring of ice]

   It enhances your ice magic.
   Int:       It affects your intelligence (+8).
   Dex:       It affects your dexterity (-5).
   Slay:      It affects your accuracy & damage with ranged weapons and melee
   (+3).
   rF:        It makes you vulnerable to fire.
   rC:        It protects you from cold.
   MP:        It affects your magic capacity (+9).
 o - a ring of flight
 q - the ring "Rego" (left hand) {rF+ rN+ Dex+2}
   (You found it on level 3 of the Crypt)

   [ring of positive energy]

   Dex:       It affects your dexterity (+2).
   rF:        It protects you from fire.
   rN:        It protects you from negative energy.
 x - a ring of magical power
 C - the ring of Kuogiul {rC- Will+ EV+4 Int+4}
   (You found it on level 3 of the Elven Halls)

   [ring of evasion]

   EV:        It affects your evasion (+4).
   Int:       It affects your intelligence (+4).
   rC:        It makes you vulnerable to cold.
   Will:      It increases your willpower.
 I - the amulet of Ylapizich (around neck) {Regen+ Int+3}
   (You found it on level 1 of the Lair of Beasts)

   [amulet of regeneration]

   Int:       It affects your intelligence (+3).
   Regen:     It increases your rate of health regeneration.
Wands
 n - a wand of paralysis (28)
 s - a wand of charming (13)
 v - a wand of iceblast (49)
 y - a wand of acid (39)
 D - a wand of digging (39)
 N - a wand of polymorph (28)
 R - a wand of flame (83)
 U - a wand of mindburst (19)
Scrolls
 b - 13 scrolls of enchant weapon
 c - 4 scrolls of holy word
 d - 5 scrolls of silence
 i - 4 scrolls of amnesia
 j - 10 scrolls of magic mapping
 k - 9 scrolls of enchant armour
 l - 7 scrolls of fog
 t - 16 scrolls of fear
 z - 22 scrolls of teleportation
 A - 2 scrolls of summoning
 H - 6 scrolls of blinking
 M - 5 scrolls of brand weapon
Potions
 f - 15 potions of curing
 h - 7 potions of cancellation
 m - 5 potions of ambrosia
 p - 18 potions of haste
 w - 4 potions of invisibility
 B - 11 potions of heal wounds
 E - 4 potions of magic
 F - a potion of berserk rage
 G - 7 potions of brilliance
 L - 15 potions of might
 O - 11 potions of flight
 T - 2 potions of resistance
Miscellaneous
 Z - a phantom mirror


   Skills:
 - Level 17.6 Fighting
 - Level 10.4 Armour
 - Level 17.6 Dodging
 - Level 7.0 Stealth
 - Level 17.4 Unarmed Combat
 - Level 17.1 Spellcasting
 - Level 14.0 Conjurations
 - Level 8.0 Hexes
 - Level 13.7 Summonings
 - Level 9.0 Translocations
 + Level 11.6 Transmutations
 - Level 13.7 Fire Magic
 - Level 12.0 Ice Magic
 + Level 11.6 Air Magic
 - Level 3.0 Evocations


You had 3 spell levels left.
You knew the following spells:

 Your Spells              Type           Power      Damage    Failure   Level
a - Magic Dart            Conj           100%       1d8       0%          1
b - Ozocubu's Refrigerat  Ice            70%        4d19      1%          7
c - Iskenderun's Mystic   Conj/Tloc      100%       2d19      1%          4
d - Fulminant Prism       Conj/Hex       69%        3d28      1%          4
e - Malign Gateway        Summ/Tloc      57%        N/A       2%          7
f - Dispersal             Tloc           52%        N/A       1%          6
g - Orb of Destruction    Conj           74%        9d17      1%          7
h - Fireball              Conj/Fire      74%        3d28      1%          5
i - Apportation           Tloc           100%       N/A       0%          1
j - Blink                 Tloc           100%       N/A       0%          2
k - Storm Form            Tmut/Air       58%        N/A       1%          7
l - Manifold Assault      Tloc           100%       N/A       1%          5

Your spell library contained the following spells:

 Spells                   Type           Power      Damage    Failure   Level
 Foxfire                  Conj/Fire      100%       2x1d9     0%          1
 Freeze                   Ice            100%       1d11      0%          1
 Slow                     Hex            100%       N/A       0%          1
 Summon Small Mammal      Summ           100%       N/A       0%          1
 Call Imp                 Summ           100%       N/A       0%          2
 Ensorcelled Hibernation  Hex/Ice        100%       N/A       0%          2
 Scorch                   Fire           100%       2d10      0%          2
 Searing Ray              Conj           100%       2d8       0%          2
 Static Discharge         Conj/Air       100%       N/A       0%          2
 Wereblood                Tmut           100%       N/A       0%          2
 Call Canine Familiar     Summ           100%       N/A       0%          3
 Conjure Flame            Conj/Fire      100%       6-21      0%          3
 Dazzling Flash           Conj/Hex       100%       N/A       0%          3
 Frozen Ramparts          Ice            100%       1d12      0%          3
 Inner Flame              Hex/Fire       100%       N/A       0%          3
 Ozocubu's Armour         Ice            100%       N/A       0%          3
 Summon Guardian Golem    Hex/Summ       100%       N/A       0%          3
 Swiftness                Air            100%       N/A       0%          3
 Animate Skeleton         Necr           100%       N/A       1%          1
 Pain                     Necr           100%       1d9       1%          1
 Sandblast                Erth           100%       2d20      1%          1
 Sting                    Tmut/Pois      100%       1d8       1%          1
 Corpse Rot               Necr/Air       100%       N/A       1%          2
 Passwall                 Tmut/Erth      75%        N/A       1%          2
 Poisonous Vapours        Pois/Air       100%       N/A       1%          2
 Sublimation of Blood     Necr           52%        N/A       1%          2
 Confusing Touch          Hex            100%       N/A       1%          3
 Gell's Gravitas          Tloc           100%       N/A       1%          3
 Ignite Poison            Fire/Tmut/Pois 100%       N/A       1%          3
 Lesser Beckoning         Tloc           100%       N/A       1%          3
 Mephitic Cloud           Conj/Pois/Air  100%       N/A       1%          3
 Portal Projectile        Hex/Tloc       100%       N/A       1%          3
 Spider Form              Tmut/Pois      91%        N/A       1%          3
 Stone Arrow              Conj/Erth      100%       3d13      1%          3
 Teleport Other           Tloc           100%       N/A       1%          3
 Tukima's Dance           Hex            100%       N/A       1%          3
 Vampiric Draining        Necr           52%        2d9       1%          3
 Flame Wave               Conj/Fire      100%       2d17      0%          4
 Hailstorm                Conj/Ice       100%       3d20      0%          4
 Sticky Flame             Conj/Fire      100%       2d11      0%          4
 Summon Ice Beast         Ice/Summ       100%       N/A       0%          4
 Summon Lightning Spire   Summ/Air       100%       N/A       0%          4
 Airstrike                Air            58%        N/A       1%          4
 Anguish                  Hex/Necr       40%        N/A       1%          4
 Animate Armour           Summ/Erth      100%       N/A       1%          4
 Cause Fear               Hex            50%        N/A       1%          4
 Ice Form                 Ice/Tmut       100%       N/A       1%          4
 Leda's Liquefaction      Hex/Erth       40%        N/A       1%          4
 Passage of Golubria      Tloc           100%       N/A       1%          4
 Petrify                  Tmut/Erth      91%        N/A       1%          4
 Alistair's Intoxication  Tmut/Pois      60%        N/A       1%          5
 Blade Hands              Tmut           58%        N/A       1%          5
 Freezing Cloud           Conj/Ice/Air   84%        6-21      1%          5
 Irradiate                Conj/Tmut      72%        3d38      1%          5
 Lightning Bolt           Conj/Air       72%        1d98      1%          5
 Metabolic Englaciation   Hex/Ice        66%        N/A       1%          5
 Silence                  Hex/Air        54%        N/A       1%          5
 Summon Forest            Summ/Tloc      57%        N/A       1%          5
 Summon Mana Viper        Hex/Summ       100%       N/A       1%          5
 Yara's Violent Unravell  Hex/Tmut       54%        3d21      1%          5
 Conjure Ball Lightning   Conj/Air       72%        3x3d27    1%          6
 Starburst                Conj/Fire      74%        6d19      1%          6
 Summon Cactus Giant      Summ           61%        N/A       1%          6
 Dragon Form              Tmut           58%        N/A       1%          7
 Monstrous Menagerie      Summ           61%        N/A       1%          7
 Spellforged Servitor     Conj/Summ      74%        N/A       1%          7
 Summon Hydra             Summ           61%        N/A       1%          7
 Dispel Undead            Necr           52%        3d19      2%          4
 Olgreb's Toxic Radiance  Pois           52%        N/A       2%          4
 Eringya's Noxious Bog    Tmut/Pois      45%        N/A       3%          6
 Statue Form              Tmut/Erth      60%        N/A       3%          6
 Ignition                 Fire           61%        3d17      6%          8
 Summon Horrible Things   Summ           61%        N/A       6%          8
 Agony                    Necr           52%        N/A       8%          5
 Borgnjor's Vile Clutch   Necr/Erth      26%        N/A       8%          5
 Excruciating Wounds      Necr           26%        N/A       8%          5
 Lee's Rapid Deconstruct  Erth           26%        3d15*     8%          5
 Enfeeble                 Hex            50%        N/A       9%          7
 Maxwell's Capacitive Co  Air            58%        ∞         16%         8
 Death Channel            Necr           26%        N/A       38%         6
 Disjunction              Tloc           52%        N/A       41%         8
 Discord                  Hex            50%        N/A       56%         8
 Fire Storm               Conj/Fire      74%        8d19      67%         9
 Dragon's Call            Summ           61%        N/A       69%         9
 Lehudib's Crystal Spear  Conj/Erth      59%        10d14     71%         8


Dungeon Overview and Level Annotations

Branches:
Dungeon (15/15)            Temple (0/1) D:4            Lair (6/6) D:8
 Shoals (4/4) Lair:3        Snake (4/4) Lair:4        Slime (5/5) Lair:5
    Orc (2/2) D:9             Elf (3/3) Orc:2        Vaults (5/5) D:14
  Crypt (3/3) Vaults:2       Tomb (0/3) Crypt:3      Depths (4/4) D:15
    Zot (4/5) Depths:4     Bailey (visited)           IceCv (visited)
 WizLab (visited)

Shops:
D:7 [   D:12 [   D:15 *   Orc:2 (*??([   Elf:1 ?   Elf:2 [   Elf:3 [*
Shoals:1 *   Shoals:2 :   Snake:2 (   Snake:3 !::   Vaults:3 (   Vaults:4 =
Vaults:5 ?!???*!!   Depths:2 !   Depths:3 *

Portals:
Hell: Depths:1 Depths:2 Depths:3 Depths:4
Abyss: D:13 Depths:2 Depths:3
Pandemonium: Depths:1 Depths:2
Ziggurat: Depths:4
Trove: Depths:3 (give 6 scrolls of blinking)

Annotations:
Crypt:2 1 transporter


Innate Abilities, Weirdness & Mutations

You have an increased reservoir of magic. (+10% MP)
You shall have no god before yourself.
Your divine heritage dramatically boosts your attributes as you level up.


Message History

Confirm with . or Enter, or press ? or * to list all spells.
You feel a surge of power!
You erupt in a blast of force!
The mystic blast hits the shadow dragon!!
The shadow dragon is almost dead.
You hear a deafening roar!
The shadow dragon completely misses you.
The shadow dragon claws you but does no damage.
The shadow dragon barely misses you.
A quicksilver dragon comes into view.
The shadow dragon breathes negative energy at you.
The bolt of negative energy hits you but does no damage.
You resist.
Casting: Iskenderun's Mystic Blast (safe; 1% risk of failure)
Confirm with . or Enter, or press ? or * to list all spells.
You feel a surge of power!
You erupt in a blast of force!
The mystic blast hits the curse toe but does no damage.
The curse toe is severely damaged.
The mystic blast hits the shadow dragon!!
You kill the shadow dragon!
The shadow dragon scales are intact enough to wear.
The curse toe calls on the powers of darkness!
Your body is wracked with pain!
* * * LOW HITPOINT WARNING * * *
Unknown command.
Casting: Iskenderun's Mystic Blast (safe; 1% risk of failure)
Confirm with . or Enter, or press ? or * to list all spells.
You feel a surge of power!
You erupt in a blast of force!
The mystic blast hits the curse toe!
The curse toe is severely damaged.
The curse toe is knocked back by the mystic blast.
You can drink potions again.
Your surroundings seem slightly different.
The quicksilver dragon breathes dispelling energy at you.
The bolt of dispelling energy hits you!!
Your magical effects are unravelling.
* * * LOW HITPOINT WARNING * * *
You feel yourself speed up.
The quicksilver dragon breathes dispelling energy at you.
The bolt of dispelling energy hits you!!
You die...

.................##....# †..
.....##....#######.##### .)..
.....##...## ##.## #.# ()..8
...######## ##.## ##.##.[8..)
#### #######.#####..[))[z..†
#...##.###...D.##..8...
##.....#......#.# ....8
#......#......### ....
#...#....@......# ... ###
#...##..........# ## ..#
################# ..# #...# ###
..# #>..# #.### .## ##...# #...#
### ..## #...## ###...####..
...#######...#########.........##
....).[.........?.............##


You could see a quicksilver dragon (catching breath).

Vanquished Creatures
  the Royal Jelly (Slime:5)
  2 dread liches (Vaults:5)
  2 orbs of fire (Zot:1)
  Tiamat (Zot:4)
  A juggernaut (Depths:3)
  Sojobo (Depths:1)
  3 curse toes
  Xtahua (Depths:4)
  2 caustic shrikes (Depths:3)
  Vashnia (Snake:2)
  10 golden dragons
  The ghost of Tyess the Warrior, an adept DgCj (Depths:4)
  Nikola (Vaults:1)
  The ghost of Icepheonix32 the Stickfighter, a veteran DsFi of Hepliaklqana (Elf:3)
  An electric golem (Zot:2)
  Rupert (Snake:1)
  12 tentacled monstrosities
  7 liches
  Jorgrun (Shoals:1)
  4 titans
  Mlioglotl (Shoals:2)
  Asterion (Snake:2)
  5 deep elf master archers
  An ancient champion (Crypt:3)
  8 quicksilver dragons
  10 death cobs
  Polyphemus (Shoals:2)
  21 acid blobs
  A kraken (Shoals:2)
  13 sphinxes
  11 shadow dragons
  Roxanne (D:15)
  14 storm dragons
  8 azure jellies
  14 rockslimes
  11 tengu reavers
  7 nagarajas
  Donald (Vaults:4)
  7 draconian monks
  Ilsuiw (Shoals:2)
  3 fenstrider witches (WizLab)
  2 revenants (Crypt:3)
  10 fire giants
  3 cacodemons
  An azure jelly (shapeshifter) (Elf:2)
  2 iron dragons
  12 frost giants
  18 vault wardens
  14 draconian scorchers
  The ghost of 0gre the Thaumaturge, a journeyman GnIE of Ashenzari (Lair:6)
  10 deep elf sorcerers
  3 juggernaut zombies (Depths:4)
  10 draconian knights
  4 ghouls
  Louise (Shoals:2)
  2 curse skulls (Crypt:3)
  7 caustic shrike zombies
  6 orc warlords
  A ghost moth (Zot:4)
  Aizul (Snake:3)
  6 draconian stormcallers
  2 spriggan defenders (Depths:3)
  3 deep elf elementalists (Elf:3)
  26 ironbound preservers
  A war gargoyle (Vaults:5)
  4 draconian shifters
  A quicksilver ooze (shapeshifter) (Vaults:5)
  A reaper (Crypt:3)
  12 quicksilver oozes
  24 very ugly things
  24 stone giants
  10 draconian annihilators
  10 vampire knights
  6 deep elf demonologists
  3 eleionomae (WizLab)
  The ghost of SushiGirl the Devastator, a journeyman DECj of Vehumet (Elf:1)
  20 black draconians
  16 green draconians
  17 yellow draconians
  6 ironbound thunderhulks
  13 red draconians
  2 entropy weavers
  Azrael (Snake:1)
  5 spark wasps
  9 dire elephants (Vaults:2)
  19 white draconians
  17 purple draconians
  6 deep elf annihilators
  5 eidola
  A blizzard demon (Depths:3)
  The ghost of Soldner the Severer, a journeyman MiFi of Okawaru (D:13)
  10 ettins
  5 merfolk javelineers
  A fire dragon (shapeshifter) (D:13)
  A crystal guardian (Vaults:3)
  8 deep elf death magi
  2 quicksilver dragon zombies
  9 merfolk impalers
  11 jiangshi
  Josephine (Snake:1)
  10 fire dragons
  4 deep elf high priests
  6 rakshasas
  10 yaktaur captains
  Fannar (D:11)
  2 shambling mangroves (WizLab)
  A salamander tyrant (Snake:4)
  16 great orbs of eyes
  11 ice dragons
  18 naga warriors
  11 hydras
  2 spriggan air magi
  4 merfolk avatars
  3 peacekeepers
  3 ogre magi
  11 boulder beetles
  32 vault guards
  2 catoblepae
  11 two-headed ogres
  15 ironbound frosthearts
  5 merfolk aquamancers (Shoals:4)
  15 centaur warriors
  A hell beast (Depths:3)
  6 tengu warriors
  An alligator snapping turtle (Shoals:4)
  3 death knights
  27 dancing weapons
  3 anacondas
  A spectral stone giant (Crypt:3)
  Urug (D:11)
  4 titan zombies
  A two-headed ogre (shapeshifter) (D:13)
  5 deep troll earth magi
  8 deep troll shamans
  5 satyrs
  16 death yaks
  13 spriggan berserkers
  An orc high priest (Elf:1)
  3 soul eaters
  18 naga sharpshooters
  4 vampire magi
  A hell knight (Depths:1)
  4 spriggans
  An emperor scorpion zombie (Crypt:1)
  Sonja (D:11)
  A sun demon (Depths:3)
  6 shock serpents
  8 iron trolls
  17 deep elf knights
  A sixfirhy (Depths:3)
  Nergalle (D:11)
  10 sea snakes
  2 goliath frogs (Lair:6)
  11 skeletal warriors
  A fire crab (Elf:1)
  A bunyip zombie (Crypt:3)
  4 salamander mystics
  14 shadow wraiths
  A spark wasp zombie (Depths:1)
  A deep troll (shapeshifter) (Depths:4)
  8 naga ritualists
  2 obsidian statues
  An anaconda zombie (Crypt:2)
  5 golden dragon zombies (Depths:4)
  8 flayed ghosts
  64 deep trolls
  An orange crystal statue (IceCv)
  A quicksilver dragon simulacrum (Crypt:1)
  3 bog bodies (Crypt:3)
  3 tengu zombies (Depths:4)
  A swamp dragon (Zot:2)
  A swamp dragon (shapeshifter) (Vaults:5)
  4 glowing orange brains
  A death drake (shapeshifter) (Depths:4)
  17 deep elf archers
  A golden dragon skeleton (Crypt:1)
  A kraken simulacrum (Shoals:4)
  28 harpies
  28 phantasmal warriors
  12 orc knights
  9 lindwurms
  A broodmother zombie (Crypt:1)
  3 iron dragon zombies (Depths:4)
  18 ironbound convokers
  26 deep elf pyromancers
  A sphinx zombie (Crypt:1)
  2 tengu skeletons (Vaults:4)
  A spectral ettin (Crypt:3)
  10 fauns
  7 cyclopes
  16 mana vipers
  9 shining eyes
  10 wizards
  A jorogumo zombie (Crypt:3)
  2 orc sorcerers (Orc:2)
  58 ugly things
  5 oklob plants
  2 shadow dragon skeletons
  9 necromancers
  32 deep elf zephyrmancers
  A shining eye (shapeshifter) (Vaults:5)
  2 shadow dragon zombies (Depths:4)
  3 worldbinders
  The ghost of zeratav the Insei, a novice OpTm of Ashenzari (D:8)
  15 salamanders
  16 manticores
  8 merfolk sirens
  A dire elephant zombie (Crypt:3)
  A guardian serpent (shapeshifter) (D:13)
  34 moths of wrath
  4 naga zombies
  A rust devil (Depths:3)
  21 vault sentinels
  3 guardian serpents
  5 eyes of devastation
  An orange demon (Depths:3)
  A water nymph (shapeshifter) (Vaults:5)
  11 elephants
  2 molten gargoyles (Elf:1)
  46 black mambas
  24 naga magi
  3 water nymphs
  2 human zombies
  2 gargoyles (D:11)
  A white draconian zombie (Crypt:2)
  An alligator snapping turtle zombie (Crypt:3)
  18 cane toads
  3 kobold demonologists
  7 freezing wraiths
  10 rime drakes
  An unseen horror (shapeshifter) (D:15)
  A yellow draconian zombie (Crypt:3)
  An unseen horror (D:11)
  6 tengu conjurers
  An iron troll zombie (Crypt:2)
  42 yaktaurs
  An ancient zyme (D:13)
  15 komodo dragons
  A swamp worm zombie (Crypt:3)
  A bunyip simulacrum (Crypt:1)
  A spectral naga (Crypt:3)
  2 guardian mummies (Crypt:3)
  A green draconian skeleton (Crypt:1)
  A red draconian skeleton (Crypt:3)
  9 trolls
  A death drake zombie (Crypt:3)
  2 red devils
  4 harpy zombies
  16 merfolk
  12 polar bears
  Grinder (D:3)
  3 tyrant leeches (Lair:6)
  7 wind drakes
  Prince Ribbit (D:6)
  An elf zombie (Vaults:4)
  11 hornets
  A tarantella (Vaults:3)
  13 dream sheep
  22 blink frogs
  A fire dragon zombie (Crypt:3)
  122 slime creatures
  13 snapping turtles
  2 spriggan zombies
  Sigmund (D:2)
  An alligator zombie (Crypt:3)
  13 flying skulls
  A black mamba zombie (Crypt:2)
  A guardian serpent skeleton (Crypt:1)
  An ice dragon skeleton (Crypt:2)
  21 water elementals
  A centaur simulacrum (D:14)
  2 ettin skeletons
  A large abomination (D:13)
  13 shadows
  2 air elementals (Elf:3)
  20 wraiths
  A naga simulacrum (Crypt:1)
  A black mamba skeleton (Crypt:1)
  2 golden eyes (Elf:1)
  A basilisk (shapeshifter) (D:15)
  4 wyverns
  37 yaks
  7 fire elementals
  2 redbacks
  2 basilisks (Elf:1)
  A chaos spawn (Depths:3)
  A redback (shapeshifter) (D:15)
  A harpy simulacrum (Crypt:2)
  Edmund (D:6)
  A water nymph zombie (Crypt:2)
  15 vampire mosquitoes
  3 wargs
  Menkaure (D:5)
  10 water moccasins
  Duvessa (D:6)
  5 swamp worms (Lair:4)
  4 acid dragons
  3 hell hounds (Snake:1)
  43 nagas
  2 floating eyes (shapeshifter)
  7 floating eyes
  A naga skeleton (Crypt:1)
  44 orc warriors
  4 ice beasts
  2 black bears
  A black bear (shapeshifter) (D:13)
  A sky beast (D:8)
  4 necrophages
  5 ogres
  9 boggarts
  11 wolves
  9 centaurs
  A swamp dragon skeleton (Crypt:1)
  7 kobold brigands
  A rime drake zombie (Crypt:3)
  An octopode zombie (Crypt:3)
  2 gnoll sergeants
  19 bullfrogs
  Blork the orc (D:6)
  2 earth elementals (Elf:1)
  A water moccasin zombie (D:5)
  Dowan (D:6)
  23 killer bees
  A troll zombie (Crypt:1)
  8 electric eels
  7 wights
  A raiju skeleton (Crypt:2)
  2 lava snakes (Elf:1)
  4 centaur zombies
  5 centaur skeletons
  3 jellies (D:6)
  11 hounds
  A gnoll shaman (D:9)
  Crazy Yiuf (D:3)
  20 orc priests
  A basilisk skeleton (Crypt:2)
  An iguana (D:7)
  A scorpion zombie (Crypt:1)
  25 orc wizards
  6 hell rats (Lair:5)
  A killer bee zombie (D:8)
  A howler monkey zombie (D:9)
  Robin (D:2)
  4 adders
  18 gnolls
  2 white imps
  An adder zombie (D:5)
  An adder skeleton (D:4)
  7 worms
  4 dart slugs
  77 orcs
  10 endoplasms
  4 giant cockroaches
  21 goblins
  18 hobgoblins
  4 jackals (D:4)
  20 kobolds
  5 quokkas
  8 ball pythons
  A ball python skeleton (Crypt:3)
  3 bats
  A frilled lizard (D:1)
  A frilled lizard zombie (Crypt:1)
  A goblin skeleton (Crypt:2)
  8 rats
  A river rat skeleton (Crypt:2)
  14 briar patches (Lair:4)
  4 bushes (WizLab)
  A plant (Shoals:4)
2723 creatures vanquished.

Vanquished Creatures (collateral kills)
  A lich (Crypt:3)
  A revenant (Crypt:3)
  A nagaraja (Snake:4)
  A deep elf death mage (Crypt:3)
  A crystal guardian (Vaults:2)
  An eidolon (Crypt:3)
  A naga warrior (Snake:4)
  A shadow wraith (Crypt:3)
  2 skeletal warriors (Crypt:3)
  A harpy (Shoals:3)
  A phantasmal warrior (Crypt:3)
  5 fauns
  3 black mambas (Snake:1)
  A merfolk siren (Shoals:3)
  2 freezing wraiths (Crypt:3)
  2 guardian mummies (Crypt:3)
  4 nagas (Snake:4)
29 creatures vanquished.

Vanquished Creatures (others)
  14 eldritch tentacles
  An ice dragon (Depths:1)
  A satyr (Shoals:3)
  A deep elf zephyrmancer (Elf:2)
  A water elemental (Elf:3)
  4 bushes
  622 fulminant prisms
  39 fungi
  230 plants
  4 tentacles (Shoals:2)
917 creatures vanquished.

Grand Total: 3669 creatures vanquished

Notes
Turn   | Place    | Note
-------+----------+-------------------------------------------
     0 | D:1      | pkoi the Demigod Conjurer began the quest for the Orb.
     0 | D:1      | Reached XP level 1. HP: 14/14 MP: 5/5
   337 | D:1      | Reached XP level 2. HP: 20/20 MP: 5/7
  1401 | D:2      | Reached XP level 3. HP: 26/26 MP: 7/9
  1429 | D:2      | Noticed Robin
  1483 | D:2      | Killed Robin
  1707 | D:2      | Learned a level 2 spell: Searing Ray
  1774 | D:2      | Noticed Sigmund
  1784 | D:2      | Killed Sigmund
  1785 | D:2      | Reached skill level 5 in Conjurations
  1785 | D:2      | Reached XP level 4. HP: 17/33 MP: 0/11
  1785 | D:2      | Reached XP level 5. HP: 19/38 MP: 0/12
  2104 | D:2      | Learned a level 4 spell: Iskenderun's Mystic Blast
  2676 | D:3      | Identified the +1 pair of gloves of the Orb Guardian
                  | {Dex+4}
  3028 | D:3      | Noticed Grinder
  3252 | D:3      | Paralysed by Grinder for 3 turns
  3259 | D:3      | Killed Grinder
  3260 | D:3      | Reached skill level 1 in Translocations
  3260 | D:3      | Reached XP level 6. HP: 32/45 MP: 1/14
  4049 | D:3      | Found a runed translucent door.
  4050 | D:3      | Noticed Crazy Yiuf
  4322 | D:4      | Reached XP level 7. HP: 50/50 MP: 6/16
  5193 | D:4      | You are sucked into a shaft and drop 1 floor!
  5193 | D:5      | Entered Level 5 of the Dungeon
  5762 | D:5      | Noticed Menkaure
  5770 | D:5      | Killed Menkaure
  6028 | D:4      | Reached XP level 8. HP: 57/57 MP: 12/17
  6352 | D:4      | Found a staircase to the Ecumenical Temple.
  7196 | D:3      | Killed Crazy Yiuf
  7316 | D:5      | Learned a level 4 spell: Fulminant Prism
  7345 | D:6      | Noticed Dowan
  7488 | D:6      | Got the Tome of Illusion and Ice
  7609 | D:6      | Noticed Blork the orc
  7611 | D:6      | Noticed Prince Ribbit
  7615 | D:6      | Killed Prince Ribbit
  7615 | D:6      | Killed Blork the orc
  7616 | D:6      | Reached skill level 1 in Fighting
  7616 | D:6      | Reached skill level 1 in Hexes
  7616 | D:6      | Killed Dowan
  7620 | D:6      | Noticed Edmund
  8000 | D:6      | Killed Edmund
  8001 | D:6      | Reached skill level 5 in Translocations
  8001 | D:6      | Reached XP level 9. HP: 64/66 MP: 9/18
  8392 | D:6      | Noticed Duvessa
  8719 | D:6      | Killed Duvessa
 10614 | D:7      | Reached skill level 10 in Conjurations
 11344 | D:7      | Found Qulirank's Antique Armour Emporium.
 11962 | D:8      | Noticed a two-headed ogre
 12365 | D:8      | Killed a two-headed ogre
 12466 | D:8      | Reached XP level 10. HP: 75/77 MP: 10/19
 13015 | D:8      | Found a staircase to the Lair.
 13596 | D:8      | Found a runed translucent door.
 13596 | D:8      | Noticed zeratav's ghost (novice OpTm)
 13611 | D:8      | Killed zeratav's ghost
 14823 | D:8      | Noticed a cyclops
 14830 | D:8      | Killed a cyclops
 15305 | D:9      | Reached skill level 5 in Dodging
 15601 | D:9      | Found a staircase to the Orcish Mines.
 15631 | D:9      | Found a flagged portal.
 15636 | Bailey   | Entered a bailey
 16957 | Bailey   | Reached XP level 11. HP: 81/85 MP: 12/21
 17282 | Bailey   | Reached skill level 5 in Fighting
 17282 | Bailey   | Reached skill level 5 in Hexes
 17304 | Bailey   | Noticed an orc warlord
 17596 | Bailey   | Killed an orc warlord
 17853 | Bailey   | Got the Collected Works on Frigorific Shape Shifting
 18118 | D:9      | Reached skill level 5 in Spellcasting
 19411 | Lair:1   | Entered Level 1 of the Lair of Beasts
 19714 | Lair:1   | Identified the amulet of Ylapizich {Regen+ Int+3}
 20969 | Lair:2   | Noticed a boulder beetle
 21000 | Lair:2   | Killed a boulder beetle
 22165 | Lair:2   | Reached XP level 12. HP: 76/97 MP: 15/25
 22476 | Lair:3   | Noticed a seven-headed hydra
 22483 | Lair:3   | Killed a seven-headed hydra
 23203 | Lair:3   | Acquired the ring "Cunocw" {Ice MP+9 Int+8 Dex-5 Slay+3}
 23215 | Lair:3   | Learned a level 7 spell: Malign Gateway
 23590 | Lair:3   | Found a staircase to the Shoals.
 23914 | Lair:4   | Noticed a seven-headed hydra
 23917 | Lair:4   | Killed a seven-headed hydra
 23918 | Lair:4   | Reached skill level 1 in Summonings
 24191 | Lair:4   | Noticed a catoblepas
 24271 | Lair:4   | Killed a catoblepas
 24616 | Lair:4   | Found a staircase to the Snake Pit.
 24691 | Lair:4   | Found a transporter.
 24983 | Lair:4   | Found a transporter.
 25639 | Lair:5   | Identified the +8 chain mail of the Lumpy Bounties {Stlth+}
 25930 | Lair:5   | Noticed a five-headed hydra
 25936 | Lair:5   | Killed a five-headed hydra
 26517 | Lair:5   | Noticed an eight-headed hydra
 26520 | Lair:5   | Killed an eight-headed hydra
 26521 | Lair:5   | Reached XP level 13. HP: 107/107 MP: 24/27
 26688 | Lair:5   | Found a staircase to the Slime Pits.
 27184 | Lair:5   | Learned a level 6 spell: Dispersal
 27222 | Lair:6   | Entered Level 6 of the Lair of Beasts
 27233 | Lair:6   | Reached skill level 5 in Summonings
 28538 | Lair:6   | Found the +1 robe of Vines {NoPotionHeal Regen++++}
 30537 | Lair:6   | Reached XP level 14. HP: 117/118 MP: 28/28
 30755 | Lair:6   | Noticed 0gre's ghost (journeyman GnIE)
 30758 | Lair:6   | Found a runed translucent gate.
 30758 | Lair:6   | Found a runed translucent gate.
 30758 | Lair:6   | Found a runed translucent gate.
 31417 | Lair:6   | Identified the +0 halberd "Grim" {holy, Fragile rElec rPois
                  | SInv}
 31543 | Lair:6   | Reached skill level 10 in Dodging
 31546 | Lair:6   | Killed 0gre's ghost
 31553 | Lair:6   | Identified the +0 pair of boots "Seyskom" {rF+ rC+ MP+9
                  | Int+4}
 31876 | D:10     | Entered Level 10 of the Dungeon
 33198 | D:11     | Noticed Urug
 33208 | D:11     | Killed Urug
 33215 | D:11     | Noticed Fannar
 33220 | D:11     | Killed Fannar
 33245 | D:11     | Reached skill level 10 in Fighting
 33629 | D:11     | Noticed Sonja
 33999 | D:11     | Killed Sonja
 34000 | D:11     | Reached skill level 10 in Summonings
 34063 | D:11     | Noticed Nergalle
 34069 | D:11     | Killed Nergalle
 35654 | D:12     | Found Winkelried's Dragon-Slaying Spoils.
 36857 | Orc:1    | Entered Level 1 of the Orcish Mines
 36956 | Orc:2    | Entered Level 2 of the Orcish Mines
 37680 | Orc:2    | Noticed an orc warlord
 37879 | Orc:2    | Killed an orc warlord
 38466 | Orc:2    | Found Suthuewi's Antique Armour Shoppe.
 38470 | Orc:2    | Found Iroobuox's Antique Weapon Emporium.
 38809 | Orc:2    | Found Wareabic's Gadget Gallery.
 38872 | Orc:2    | Found a staircase to the Elven Halls.
 38887 | Orc:2    | Found Golesaqi's Antique Weapon Shoppe.
 39025 | Orc:2    | Found Sug Zelu's Magic Scroll Emporium.
 39030 | Orc:2    | Bought a scroll of fear for 59 gold pieces
 39030 | Orc:2    | Bought a scroll of blinking for 127 gold pieces
 39030 | Orc:2    | Bought a scroll of teleportation for 51 gold pieces
 39051 | Orc:2    | Found Son Xaor's Magic Scroll Shop.
 39059 | Orc:2    | Bought a scroll of teleportation for 33 gold pieces
 39557 | D:13     | Identified the +3 mace "Eviscerator" {drain, rPois Dex+3}
 39561 | D:13     | Identified the +4 falchion of Hepliaklqana's Hatred {venom,
                  | Stlth+}
 39587 | D:13     | Found a transporter.
 40130 | D:13     | Identified the +0 leather armour "Baxotrony" {+Blink rC-
                  | rCorr Int+2 Dex+2}
 40349 | D:13     | Found a one-way gate to the infinite horrors of the Abyss.
 40349 | D:13     | Noticed Soldner's ghost (journeyman MiFi)
 40670 | D:13     | Found a transporter.
 41244 | Orc:2    | Bought a runed helmet for 300 gold pieces
 41612 | D:14     | Reached XP level 15. HP: 128/128 MP: 31/31
 42138 | D:14     | Identified the +1 leather armour of the Game Afoot {rPois
                  | rF++}
 42534 | D:14     | Found a gate to the Vaults.
 42939 | D:15     | Entered Level 15 of the Dungeon
 43139 | D:15     | Noticed Roxanne
 43612 | D:15     | Found Muabusu's Assorted Antiques.
 43857 | D:15     | Bought a colourful robe for 131 gold pieces
 43857 | D:15     | Identified the +1 robe of Happy Babbling {rCorr Archmagi}
                  | (You bought it in a shop on level 15 of the Dungeon)
 43925 | D:15     | Killed Roxanne
 44025 | D:15     | Found a staircase to the Depths.
 44317 | D:15     | Learned a level 7 spell: Orb of Destruction
 44500 | Shoals:1 | Entered Level 1 of the Shoals
 44501 | Shoals:1 | Noticed Jorgrun
 44509 | Shoals:1 | Killed Jorgrun
 45241 | Shoals:1 | Reached skill level 1 in Evocations
 45335 | Shoals:1 | Reached skill level 1 in Armour
 45990 | Shoals:1 | Found Herav's General Store.
 46322 | Shoals:2 | Found Anoxul's Book Emporium.
 46424 | Shoals:2 | Noticed Ilsuiw
 46441 | Shoals:2 | Killed Ilsuiw
 46525 | Shoals:2 | Noticed Mlioglotl
 46526 | Shoals:2 | Noticed Polyphemus
 46530 | Shoals:2 | Killed Mlioglotl
 46537 | Shoals:2 | Killed Polyphemus
 47138 | Shoals:2 | You are sucked into a shaft and drop 1 floor!
 47631 | Shoals:2 | Noticed Louise
 47641 | Shoals:2 | Killed Louise
 48056 | Shoals:2 | Noticed a kraken
 48064 | Shoals:2 | Killed a kraken
 48065 | Shoals:2 | Reached XP level 16. HP: 132/139 MP: 34/34
 50108 | Snake:1  | Entered Level 1 of the Snake Pit
 50641 | Snake:1  | Reached skill level 10 in Spellcasting
 50656 | Snake:1  | Noticed Josephine
 50659 | Snake:1  | Killed Josephine
 50850 | Snake:1  | You fall into a shaft and drop 1 floor!
 51107 | Snake:1  | Noticed Rupert
 51113 | Snake:1  | Killed Rupert
 51117 | Snake:1  | Noticed Azrael
 51774 | Snake:1  | Killed Azrael
 53177 | Snake:2  | Reached skill level 5 in Armour
 53403 | Snake:2  | Noticed Vashnia
 53424 | Snake:2  | HP: 7/141 [Vashnia/arrow (1)]
 53692 | Snake:2  | Killed Vashnia
 54715 | Snake:2  | Found Hyup's Weapon Shop.
 54877 | Snake:2  | Identified the +7 trident of Wrongful Imprisonment {vorpal,
                  | rC+ Stlth+}
 55310 | Snake:2  | Noticed Asterion
 55337 | Snake:2  | Noticed an Executioner
 55337 | Snake:2  | Killed Asterion
 55912 | Snake:3  | Found a frozen archway.
 55921 | IceCv    | Entered an ice cave
 55942 | IceCv    | Reached XP level 17. HP: 142/149 MP: 10/37
 56220 | IceCv    | Learned a level 7 spell: Ozocubu's Refrigeration
 56364 | IceCv    | Reached skill level 1 in Ice Magic
 57914 | Snake:3  | Reached skill level 5 in Ice Magic
 58286 | Snake:3  | Noticed Aizul
 58294 | Snake:3  | Killed Aizul
 58818 | Snake:3  | Found Ewnow's Book Boutique.
 58820 | Snake:3  | Found Naef's Book Shop.
 58823 | Snake:3  | Found Eppor's Distillery.
 59493 | Snake:4  | Entered Level 4 of the Snake Pit
 61842 | Snake:4  | Reached skill level 10 in Ice Magic
 62368 | Snake:4  | Got a serpentine rune of Zot
 62519 | Snake:4  | Reached XP level 18. HP: 157/157 MP: 39/39
 63001 | Shoals:4 | Entered Level 4 of the Shoals
 64739 | Shoals:4 | Got a barnacled rune of Zot
 66312 | Elf:1    | Entered Level 1 of the Elven Halls
 66472 | Shoals:2 | Bought the Volume of Dislocated Flames for 520 gold pieces
 66478 | Shoals:2 | Learned a level 5 spell: Fireball
 66753 | Vaults:1 | Entered Level 1 of the Vaults
 66965 | Vaults:1 | Reached skill level 1 in Fire Magic
 67631 | Vaults:1 | Reached skill level 1 in Unarmed Combat
 69599 | Vaults:1 | Noticed Nikola
 69605 | Vaults:1 | Killed Nikola
 70318 | Vaults:2 | Reached skill level 5 in Fire Magic
 70495 | Vaults:2 | Reached skill level 5 in Unarmed Combat
 70708 | Vaults:2 | Reached XP level 19. HP: 165/165 MP: 38/41
 73695 | Vaults:2 | Found a staircase to the Crypt.
 75652 | Elf:1    | Found a runed translucent door.
 76092 | Elf:1    | Found Lychesm's Magic Scroll Shoppe.
 76412 | Elf:1    | Got the Reference Book on Flames
 76544 | Elf:1    | Got Lehudib's Incunabulum of the Mountains
 76795 | Elf:1    | Got Geman's Volume of the Entourage
 76941 | Elf:1    | Noticed SushiGirl's ghost (journeyman DECj)
 76950 | Elf:1    | Killed SushiGirl's ghost
 77043 | Elf:1    | Got the Guide on Hexes
 77645 | Elf:2    | Found Pedgh's Antique Armour Shop.
 77725 | Elf:2    | Reached skill level 10 in Fire Magic
 77923 | Elf:2    | Reached skill level 10 in Unarmed Combat
 78168 | Elf:2    | Found a runed translucent gate.
 78169 | Elf:2    | Found a runed translucent gate.
 78169 | Elf:2    | Found a runed translucent gate.
 78989 | Elf:2    | Reached XP level 20. HP: 170/172 MP: 26/42
 80459 | Elf:3    | Entered Level 3 of the Elven Halls
 80652 | Elf:3    | Found a runed translucent gate.
 80652 | Elf:3    | Found a runed translucent gate.
 80652 | Elf:3    | Found a runed translucent gate.
 80654 | Elf:3    | Noticed Icepheonix32's ghost (veteran DsFi)
 80655 | Elf:3    | Found Eqoalucw's Assorted Antiques.
 80725 | Elf:3    | Learned a level 1 spell: Apportation
 80807 | Elf:3    | Identified the ring of Kuogiul {rC- Will+ EV+4 Int+4}
 80857 | Elf:3    | Found Uriyget's Antique Armour Boutique.
 81662 | Elf:3    | Identified the +4 flail of Parts Unknown {freeze, rElec
                  | rCorr Str+3 Int+2}
 81837 | Elf:3    | Identified the +2 plate armour "Neisemip" {+Blink rC-
                  | Will+++ Stlth+}
 81852 | Elf:3    | Identified the ring "Veehew" {rElec rPois Int+6}
 82166 | Elf:3    | Found the -2 hat of the Alchemist {rElec rPois rF+ rC+ rN+
                  | Will+ rMut rCorr}
 82173 | Elf:3    | Identified the +6 dagger of Atuox {antimagic, rElec rC+}
 82557 | Elf:3    | Identified the +0 leather armour of Tenacity {Str+6 Int-5}
 82715 | D:9      | Acquired an Inescapable Atlas
 82720 | D:9      | Learned a level 2 spell: Blink
 83474 | Vaults:3 | Found Jekel's Weapon Shop.
 86770 | D:12     | Bought the +5 steam dragon scales "Inkush" {Dex+3} for 1096
                  | gold pieces
 87517 | Vaults:4 | Reached XP level 21. HP: 181/181 MP: 34/44
 87656 | Vaults:4 | Noticed Donald
 87661 | Vaults:4 | Killed Donald
 87927 | Vaults:4 | Found Hocerr's Jewellery Emporium.
 88642 | Vaults:4 | Identified the +0 robe "Suug" {Str+2}
 89715 | Vaults:5 | Entered Level 5 of the Vaults
 90532 | Vaults:5 | Noticed a golden dragon
 90844 | Vaults:5 | Killed a golden dragon
 91701 | Vaults:5 | Found Finn's Magic Scroll Shop.
 91701 | Vaults:5 | Found Ekyuqaeb's Magic Scroll Shoppe.
 92271 | Vaults:5 | Bought a scroll of blinking for 90 gold pieces
 92771 | Vaults:5 | Noticed a dread lich
 92776 | Vaults:5 | Killed a dread lich
 92834 | Vaults:5 | Found Jorhuh's Magic Scroll Boutique.
 93481 | Vaults:5 | Found Ylochietz's Distillery.
 93485 | Vaults:5 | Bought a potion of haste for 150 gold pieces
 93485 | Vaults:5 | Bought a potion of heal wounds for 75 gold pieces
 93492 | Vaults:5 | Found Tuac's Magic Scroll Shoppe.
 93497 | Vaults:5 | Bought a scroll of blinking for 127 gold pieces
 93497 | Vaults:5 | Bought a scroll of fear for 59 gold pieces
 93968 | Vaults:5 | Found Henorch's Assorted Antiques.
 94309 | Vaults:5 | Found Hupome's Distillery.
 94310 | Vaults:5 | Found Mirromma's Distillery.
 94315 | Vaults:5 | Reached skill level 5 in Stealth
 94317 | Vaults:5 | Reached XP level 22. HP: 186/190 MP: 23/46
 94743 | Vaults:5 | Noticed a dread lich
 94884 | Vaults:5 | Killed a dread lich
 95799 | Vaults:5 | Bought a potion of heal wounds for 120 gold pieces
 95803 | Vaults:5 | Bought a potion of magic for 104 gold pieces
 95911 | Vaults:5 | Got a silver rune of Zot
 96104 | Vaults:5 | Reached skill level 15 in Spellcasting
 97000 | Depths:1 | Entered Level 1 of the Depths
 97008 | Depths:1 | Noticed Sojobo
 97181 | Depths:1 | Killed Sojobo
 97287 | Depths:1 | Found a one-way gate leading to the halls of Pandemonium.
 97323 | Depths:1 | Reached skill level 15 in Dodging
 97330 | Depths:1 | Reached skill level 15 in Fighting
 97778 | Depths:1 | Identified the amulet "Bowel" {Acrobat Will++}
 98282 | Depths:1 | Paralysed by a floating eye for 4 turns
 98373 | Depths:1 | Found a gateway to Hell.
 99234 | Depths:1 | Reached skill level 15 in Unarmed Combat
 99306 | Depths:2 | Found Poamu's Distillery.
 99309 | Depths:2 | Bought a potion of heal wounds for 80 gold pieces
 99309 | Depths:2 | Bought a potion of haste for 160 gold pieces
 99309 | Depths:2 | Bought 2 potions of haste for 320 gold pieces
 99599 | Depths:2 | Found a magical portal.
 99609 | WizLab   | Entered Eringya's Formal Garden
 99612 | WizLab   | Acquired 1034 gold pieces
104609 | WizLab   | Glimpsed the power of Zot.
104945 | Depths:2 | Paralysed by a floating eye for 3 turns
105951 | Depths:2 | Identified the +0 chain mail of Starshine {Harm *Slow Fly
                  | rElec Will+}
106230 | D:13     | Killed Soldner's ghost
106482 | D:13     | Got the Volume of Virous Enchantment
106940 | Orc:2    | Bought a scroll of magic mapping for 38 gold pieces
106940 | Orc:2    | Bought a scroll of magic mapping for 38 gold pieces
106940 | Orc:2    | Bought a scroll of enchant armour for 82 gold pieces
107047 | Elf:3    | Killed Icepheonix32's ghost
107171 | Elf:3    | Bought a brass wand for 148 gold pieces
107424 | Slime:1  | Entered Level 1 of the Pits of Slime
107595 | Slime:1  | Reached XP level 23. HP: 201/201 MP: 48/48
110387 | Slime:5  | Entered Level 5 of the Pits of Slime
111500 | Depths:3 | Identified the +8 broad axe of the Orb {antimagic, Drain
                  | +Blink Str+2 Int+4}
112212 | Depths:3 | Noticed a juggernaut
112219 | Depths:3 | Killed a juggernaut
113057 | Depths:3 | Found Piwuus's Assorted Antiques.
113920 | Depths:3 | Identified the +9 chain mail "Vuamos" {Int+2}
114050 | Depths:3 | Found a portal to a secret trove of treasure.
115476 | Depths:3 | Identified the +0 robe of Imiysk {Harm Fly Dex-2 Archmagi}
115517 | Depths:4 | Entered Level 4 of the Depths
115969 | Depths:4 | Noticed Xtahua
115974 | Depths:4 | Killed Xtahua
116269 | Depths:4 | Reached XP level 24. HP: 212/212 MP: 10/49
116442 | Depths:4 | Found a runed translucent door.
117434 | Depths:4 | Found a gate to the Realm of Zot.
118817 | Depths:4 | Found a one-way gateway to a ziggurat.
119094 | Depths:4 | Noticed Tyess's ghost (adept DgCj)
119108 | Depths:4 | Killed Tyess's ghost
119403 | D:12     | Bought the quicksilver dragon scales of the Enchanted
                  | Forest {Contam rPois rN+ Will+ Str+6} for 1153 gold pieces
120506 | Slime:5  | Noticed the Royal Jelly
120688 | Slime:5  | Killed the Royal Jelly
121292 | Slime:5  | Identified the ring of Wuighirch {Fly rPois rF- rCorr
                  | Str-5}
121687 | Slime:5  | Got a slimy rune of Zot
121766 | Slime:5  | Identified the +10 dire flail of Scorn {vorpal, rC++ Int-3}
121773 | Slime:5  | Identified the +4 halberd of Eternal Vigilance {drain,
                  | *Rage Will+ Int+3}
121782 | Slime:5  | Identified the +6 scimitar "Ifaudery" {holy, Str+6}
121802 | Slime:5  | Identified the +4 halberd of Vuten {pain, rElec rF++ rCorr
                  | Dex-5}
122318 | Zot:1    | Entered Level 1 of the Realm of Zot
123470 | Zot:1    | Identified the +3 chain mail of the Cockroach {+Inv rCorr}
124207 | Zot:1    | Noticed an orb of fire
124207 | Zot:1    | Noticed an orb of fire
124215 | Zot:1    | Killed an orb of fire
124851 | Zot:1    | Killed an orb of fire
125658 | Crypt:1  | Entered Level 1 of the Crypt
126847 | Crypt:1  | Reached skill level 10 in Armour
127900 | Crypt:2  | Found a transporter.
128265 | Crypt:2  | Reached XP level 25. HP: 219/222 MP: 28/50
128573 | Crypt:2  | Found a transporter.
129099 | Crypt:2  | Noticed an ancient lich
129104 | Crypt:2  | Noticed an ancient lich
129286 | Crypt:3  | Entered Level 3 of the Crypt
129889 | Crypt:3  | Found a staircase to the Tomb.
131490 | Crypt:3  | Reached skill level 1 in Transmutations
131490 | Crypt:3  | Reached skill level 1 in Air Magic
134151 | Crypt:3  | Identified the ring "Rego" {rF+ rN+ Dex+2}
134151 | Crypt:3  | Identified the amulet of Geumukki {+Inv rElec rPois Regen+
                  | Dex-2}
134151 | Crypt:3  | Identified the ring "Axeprulesk" {+Blink rPois rN+ Will-}
134858 | Zot:1    | Identified the +6 scimitar of Truncation {venom, rCorr
                  | Stlth+}
135161 | Zot:2    | Reached skill level 5 in Transmutations
135161 | Zot:2    | Reached skill level 5 in Air Magic
135213 | Zot:2    | Identified the +3 war axe of Xewa {pain, *Noise rElec rC+
                  | Stlth+}
138581 | Zot:3    | Identified the +9 war axe of Nemelex Xobeh's Whim {spect,
                  | Dex+2}
139377 | Zot:3    | Learned a level 7 spell: Storm Form
139383 | Zot:3    | Learned a level 5 spell: Manifold Assault
140221 | Zot:3    | Reached XP level 26. HP: 226/229 MP: 3/50
141231 | Zot:3    | Reached skill level 10 in Transmutations
141231 | Zot:3    | Reached skill level 10 in Air Magic
142951 | Zot:4    | Found the +4 dragonskin cloak
142951 | Zot:4    | Noticed Tiamat
142979 | Zot:4    | Killed Tiamat
144437 | Zot:4    | Killed from afar by a quicksilver dragon

Illustrated notes

Levels and vault maps discovered:
D:1:      dpeg_arrival_water_altar, layout_rooms, serial_forest,
          infiniplex_forest_clump_cross, infiniplex_forest_lined_3,
          infiniplex_forest_fountain, infiniplex_forest_zigzag_2,
          infiniplex_forest_clump_large, infiniplex_forest_straight_3
D:2:      layout_loops_ring, minmay_quantized, uniq_robin, uniq_sigmund
D:3:      layout_basic, chequers_ecumenical_altar_island, nicolae_wormholes,
          uniq_grinder, uniq_crazy_yiuf_cottage
D:4:      layout_rooms, minmay_temple_entry_antechambers, serial_park_tiny_2
D:5:      layout_loops_cross, uniq_menkaure
D:6:      layout_rooms, mainiacjoe_overflow_concentric_impassable, uniq_edmund,
          uniq_blork_the_orc, uniq_prince_ribbit1, uniq_duvessa
D:7:      layout_basic, mainiacjoe_overflow_24_doors, serial_shops,
          nicolae_shop_advertising_works [nicolae_subvault_shop_adworks]
D:8:      layout_loops_ring, mainiacjoe_overflow_two_lobes, erik_lair_island,
          hellmonk_ghost_happy_afterlife
D:9:      layout_roguey, erik_orc_4, enter_bailey_3, hangedman_corner_corridor
D:10:     layout_small_grid
D:11:     layout_loops_ring, minmay_joined_circles, uniq_urug, uniq_nergalle,
          uniq_fannar, uniq_sonja
D:12:     layout_basic, serial_co_window_serial, co_window_paths_b,
          co_window_cross_1, co_window_paths_a, co_window_of_opportunity_a,
          co_window_paths_a, co_window_2corner, co_window_broadway_a,
          co_window_of_opportunity_b, co_window_of_opportunity_b,
          co_window_corner_b, co_window_broadway_c, co_window_sun,
          glass_columns_a, glass_columns_a, glass_columns_a, glass_columns_c,
          glass_columns_a, nicolae_shop_dragon_depot,
          chequers_serial_rivers_room_a
D:13:     layout_stronghold, gammafunk_ghost_abyssal_escape,
          okawaru_ov_weapons_minmay
D:14:     layout_basic, hangedman_vaults_entry_quadrant_bands,
          cheibriados_altar_1
D:15:     hangedman_depths_entry_civil_slaughter, layout_cave_pools,
          serial_shops, shop, nicolae_figureground_sparkle, uniq_roxanne
Lair:1:   layout_regular_city, infiniplex_staircase_pool_2
Lair:2:   layout_roguey, grunt_megastairs_1
Lair:3:   layout_roguey, minmay_shoals_entry_beasts, serial_bayou_pond_b
Lair:4:   gammafunk_worm_tunnel, layout_layer_cave, guppyfry_snake_entry_garden,
          serial_rivers, chequers_serial_rivers_micro_a,
          chequers_serial_rivers_marsh, chequers_serial_rivers_small_a,
          chequers_serial_rivers_micro_c, chequers_serial_rivers_small_b
Lair:5:   layout_roguey, dpeg_slime_entry_enclosed_altar
Lair:6:   minmay_lair_end_frog_pond, layout_cave_pods, gammafunk_ghost_split,
          serial_bayou_pond_c, hellmonk_guarded_unrand_vines
Shoals:1: layout_shoals, serial_shops, nicolae_shop_statue_plus, uniq_jorgrun
Shoals:2: layout_shoals, nicolae_shoals_c_island, uniq_ilsuiw, uniq_louise,
          uniq_polyphemus, uniq_mlioglotl
Shoals:3: layout_shoals, nicolae_shoals_dead_sea_scrolls
Shoals:4: shoals_end_grunt_ice, layout_shoals, nicolae_shoals_water_booths
Snake:1:  nicolae_snakescales, layout_chambers, uniq_azrael, uniq_josephine,
          uniq_rupert
Snake:2:  layout_chambers, serial_shops, nicolae_shop_trees, uniq_vashnia,
          uniq_asterion
Snake:3:  layout_layer_cave, portal_ice_cave_entry_pillars_2,
          grunt_ministairs_12, grunt_megastairs_4, lemuel_fruit_tree,
          minmay_shop_star, uniq_aizul
Snake:4:  snake_pit, layout_cave_town
Slime:1:  layout_caves
Slime:2:  cheibrodos_slime_lost_civilization_2, layout_caves
Slime:3:  layout_caves, nicolae_slime_barrier
Slime:4:  layout_caves
Slime:5
Orc:1:    layout_caves
Orc:2:    grunt_orc_community_town_hall, layout_caves,
          grunt_orc_community_big_house_1, grunt_orc_community_big_house_2,
          grunt_orc_community_house_3, grunt_orc_community_house_3,
          grunt_orc_community_house_2, grunt_orc_community_house_3,
          grunt_orc_community_house_3, grunt_orc_community_house_1,
          serial_shops, nicolae_shop_temple_entry_statues_fountains,
          nicolae_shop_gadgets
Elf:1:    layout_loops_corners, ebering_ghost_reflecting_pool, serial_shops,
          shop, serial_hangedman_research, hangedman_research_convocations,
          hangedman_research_geology, hangedman_research_pyrotechnics,
          hangedman_research_probablistics, minmay_elf_crystal_hexagon
Elf:2:    nicolae_elf_blades_crystal_corner, layout_geoelf_octagon,
          serial_shops, nicolae_shop_statue_plus, evilmike_spriggan_trog_shrine
Elf:3:    minmay_elf_hall_spiked, layout_geoelf_octagon, ebering_ghost_gozag,
          serial_shops, nicolae_lakefront_shop
Vaults:1: v_misc_17, v_pattern_2, hangedman_vaults_corner_blocks, v_misc_16,
          vaults_standard_mumra_enter_the_diamond,
          ontoclasm_vaults_water_temple, hangedman_vaults_capsules,
          ontoclasm_vaults_pinch, hangedman_vaults_trim,
          nicolae_vaults_network_star, v_misc_1, layout_vaults_omnigrid,
          uniq_nikola
Vaults:2: vaults_room_grid, vaults_room_pools, vaults_room_grid,
          nicolae_vaults_an_arrangement, hangedman_vaults_variations, v_misc_33,
          grunt_vaults_trifunnel, minmay_crypt_entry_simple_box,
          vaults_mumra_minichess_inversion, hangedman_vaults_restitches,
          vaults_room_pools, layout_vaults_omnicross
Vaults:3: vaults_dpeg_encased_lava, v_misc_3, st_squares, vaults_dpeg_cross,
          v_misc_1, vaults_mumra_hexcomb, vaults_dpeg_diagonal,
          vaults_standard_mumra_x, vaults_room_stairs_pillars,
          layout_vaults_chaotic_city, serial_shops, shop
Vaults:4: vaults_mumra_lcd, nicolae_vaults_diagonal_hallway_7, vaults_room_grid,
          nicolae_vaults_big_ls, ontoclasm_vaults_misaligned,
          nicolae_vaults_ring_of_whatevers, grunt_vaults_focal, v_misc_5,
          nicolae_vaults_little_squares_2, hangedman_vaults_impose,
          layout_vaults_ring, serial_shops, nicolae_shop_waterfront, uniq_donald
Vaults:5
Crypt:1:  layout_basic, grunt_crypt_arrival_split
Crypt:2:  gammafunk_dig_for_victory, layout_basic
Crypt:3:  church_of_pain_bobbens, layout_chaotic_city,
          tomb_entry_simple_bobbens, nicolae_crypt_soggy_tomb, minivault_27,
          lemuel_mausoleum_altar_kikubaaqudgha
Depths:1: layout_cave_pools, hell_entry, dk_noncrumbling_4, pan_entry,
          serial_shops, bzr_firewalk, onia_ninara_cookie, uniq_sojobo
Depths:2: kennysheep_spiral_hall, layout_basic, mu_enter_wizlab_4, serial_shops,
          kennysheep_mini_moat, grunt_hell_entry_dis_grunt, pan_entry,
          abyss_entry, minmay_splitting_lines
Depths:3: hangedman_arch_fort, layout_gridville, enter_trove_0,
          abyss_entry_small_statue_room, serial_shops, nicolae_take_the_stairs,
          grunt_hell_entry_demonic_statue, minmay_fractal_squares_diagonal_5,
          infiniplex_staircase_zigzag_1
Depths:4: grunt_zot_entry_hairpin, layout_cave_shapes, enter_ziggurat_d,
          hell_entry, ebering_ghost_reflecting_pool, fedhas_altar_1,
          nicolae_yredelemnul_corpse_copse, uniq_xtahua
Zot:1:    grunt_deathspiral_small, layout_onion_interference, bh_zot_levy_curve,
          kennysheep_underground_church
Zot:2:    layout_misc_corridors, st_small_dragon_hoard_2, grunt_ministairs_11
Zot:3:    grunt_twist_and_shout, layout_onion
Zot:4:    kennysheep_ambush_hall, layout_misc_corridors, uniq_tiamat

Skill      XL: |  1  2  3  4  5  6  7  8  9 10 11 12 13 14 15 16 17 18 19 20 21 22 23 24 25 26 |
---------------+-------------------------------------------------------------------------------+-----
Spellcasting   | 2 3 4 6 7 8 9 11 12 13 14 15 16 17 | 17.1
Conjurations   | 4 5 6 8 9 10 11 12 13 14 | 14.0
Translocations | 1 2 3 5 6 7 8 9 |  9.0
Dodging        | 2 4 5 7 8 9 11 12 13 14 15 16 17 | 17.6
Fighting       | 1 3 4 6 7 9 10 12 13 14 15 16 17 | 17.6
Hexes          | 1 3 4 6 7 8 |  8.0
Summonings     | 4 8 10 11 12 13 | 13.7
Evocations     | 2 3 |  3.0
Armour         | 2 6 7 9 10 | 10.4
Ice Magic      | 10 12 | 12.0
Stealth        | 2 3 5 7 |  7.0
Fire Magic     | 5 10 11 12 13 | 13.7
Unarmed Combat | 5 10 12 14 16 17 | 17.4
Transmutations | 9 11 | 11.6
Air Magic      | 9 11 | 11.6

Action                   |  1- 3 |  4- 6 |  7- 9 | 10-12 | 13-15 | 16-18 | 19-21 | 22-24 | 25-27 || total
-------------------------+-------+-------+-------+-------+-------+-------+-------+-------+-------++-------
Melee: Dagger            |    23 |     3 |    14 |       |       |       |       |       |       ||    40
       Staff             |       |       |     3 |    43 |    14 |       |     1 |    41 |     7 ||   109
       Quarterstaff      |       |       |       |     2 |       |       |       |       |       ||     2
       Unarmed           |       |       |       |       |       |       |       |    52 |    25 ||    77
       Punch             |       |       |       |       |       |       |       |    19 |     2 ||    21
 Cast: Magic Dart        |    66 |    76 |    64 |   119 |   175 |    20 |    18 |    25 |     2 ||   565
       Searing Ray       |     2 |     8 |    27 |       |       |       |       |       |       ||    37
       Iskenderun's Myst |       |       |    53 |   182 |   298 |   201 |   169 |   320 |   230 ||  1453
       Fulminant Prism   |       |       |    16 |    79 |   185 |   133 |    36 |    86 |    87 ||   622
       Orb of Destructio |       |       |       |       |    47 |   189 |   170 |   232 |   118 ||   756
       Malign Gateway    |       |       |       |       |     4 |     5 |     1 |       |     4 ||    14
       Ozocubu's Refrige |       |       |       |       |       |   120 |   259 |   367 |   160 ||   906
       Fireball          |       |       |       |       |       |       |     2 |    65 |       ||    67
       Apportation       |       |       |       |       |       |       |     1 |     7 |       ||     8
       Manifold Assault  |       |       |       |       |       |       |       |       |    14 ||    14
       Storm Form        |       |       |       |       |       |       |       |       |     2 ||     2
Evoke: Wand              |       |     3 |       |     4 |     5 |       |       |       |       ||    12
  Use: Scroll            |       |     1 |     9 |    12 |     5 |     5 |     2 |     1 |     2 ||    37
       Potion            |       |       |     5 |       |       |       |       |       |       ||     5
 Stab: Paralysed         |       |     2 |       |       |       |       |       |       |       ||     2
       Sleeping          |       |       |     2 |       |       |       |       |       |       ||     2
       Distracted        |       |       |       |       |       |       |       |     1 |       ||     1
Armor: Robe              |     8 |     2 |    33 |    39 |    45 |     4 |     7 |       |       ||   138
       Leather armour    |       |       |       |       |       |    23 |       |       |       ||    23
       Steam dragon scal |       |       |       |       |       |       |    11 |    43 |       ||    54
       Quicksilver drago |       |       |       |       |       |       |       |    54 |    32 ||    86
       Skin              |       |       |       |       |       |       |       |       |     2 ||     2
Dodge: Dodged            |    17 |     7 |    53 |   139 |   177 |   147 |   111 |   350 |   131 ||  1132
